 Dungeon Crawl Stone Soup version 0.21.1-1-g345015fe64 (webtiles) character file.

44590 Htamos the Tortoise (level 13, -11/118 HPs)
             Began as a Minotaur Fighter on June 13, 2018.
             Was a High Priest of Trog.
             Splashed with acid (18 damage)
             ... on level 5 of the Lair of Beasts.
             The game lasted 01:15:58 (21277 turns).

Htamos the Tortoise (Minotaur Fighter)             Turns: 21277, Time: 01:15:58

Health: -11/118    AC: 20    Str: 24    XL:     13   Next: 97%
Magic:  12/12      EV: 12    Int:  5    God:    Trog [*****.]
Gold:   918        SH:  0    Dex: 12    Spells: 12/12 levels left

rFire    . . .     SeeInvis .   q - +2 morningstar (holy)
rCold    . . .     Gourm    .   (no shield)
rNeg     . . .     Faith    .   k - +1 plate armour
rPois    .         Spirit   .   (helmet restricted)
rElec    .         Reflect  .   (no cloak)
rCorr    .         Harm     .   (no gloves)
MR       .....                  u - +0 pair of boots
Stlth    ..........             (no amulet)
HPRegen  0.29/turn              (no ring)
MPRegen  0.13/turn              (no ring)

@: confused
A: retaliatory headbutt, horns 2
a: Berserk, Trog's Hand, Brothers in Arms, Burn Spellbooks, Renounce Religion


You were on level 5 of the Lair of Beasts.
You worshipped Trog.
Trog was extremely pleased with you.
You were not hungry.

You visited 4 branches of the dungeon, and saw 16 of its levels.

You collected 918 gold pieces.

Inventory:

Hand Weapons
 a - a +0 flail
 m - a +0 hand axe
 q - a +2 morningstar of holy wrath (weapon)
 B - the +6 mace "Oguro" {venom, rN+}
   (You found it on level 4 of the Dungeon)

   It poisons the flesh of those it strikes.
   It protects you from negative energy.
 O - a +0 blowgun
Missiles
 h - 94 poisoned needles
 v - 11 curare-tipped needles (quivered)
Armour
 b - a +0 scale mail
 c - a +0 shield
 i - a +0 ring mail
 k - a +1 plate armour (worn)
 u - a +0 pair of boots (worn)
 A - a +0 chain mail
 H - a +3 scale mail of fire resistance
Magical Staves
 y - an uncursed staff of fire {unknown}
Jewellery
 r - an uncursed ring of fire {unknown}
 F - an uncursed ring of fire {unknown}
 G - an uncursed ring of positive energy {unknown}
 I - an uncursed ring of positive energy {unknown}
 R - a +2 amulet of reflection {unknown}
Wands
 p - a wand of flame (28)
 w - a wand of digging (43)
 C - a wand of enslavement (21)
 M - a wand of paralysis (13)
Scrolls
 e - 4 scrolls of amnesia
 x - 5 scrolls of remove curse
 z - 3 scrolls of fog
 J - a scroll of teleportation
 K - 3 scrolls of identify
 L - a scroll of blinking {unknown}
Potions
 g - a potion of heal wounds
 j - 2 potions of mutation {unknown}
 l - a potion of ambrosia {unknown}
 n - 5 potions of lignification
 o - 3 potions of flight {unknown}
 s - a potion of resistance {unknown}
 t - 3 potions of agility {unknown}
 D - 9 potions of curing
 E - 2 potions of berserk rage
 N - 3 potions of invisibility {unknown}
 Q - a potion of degeneration {unknown}
Miscellaneous
 d - a lightning rod (4/4)
 P - a box of beasts
Comestibles
 f - 37 rations


   Skills:
 - Level 12.0 Fighting
 - Level 15.0 Maces & Flails
 * Level 16.9 Armour
 * Level 9.4 Dodging
 - Level 9.1 Shields
 - Level 1.0 Evocations


You had 12 spell levels left.
You didn't know any spells.

Dungeon Overview and Level Annotations

Branches:
Dungeon (8/15)             Temple (0/1) D:6            Lair (6/6) D:8
  Swamp (0/4) Lair:4       Spider (1/4) Lair:4        Slime (1/5) Lair:5

Altars:
Elyvilon
Fedhas
Gozag
Kikubaaqudgha
Okawaru
Ru
Sif Muna
Trog
Uskayaw
Xom
Zin
Jiyva

Shops:
D:4 (   D:6 %

Annotations:
Lair:4 strelocc's ghost, journeyman HOBe


Innate Abilities, Weirdness & Mutations

You reflexively headbutt those who attack you in melee.
You have a pair of horns on your head.


Message History

You are more confused.
You bump into the stone wall.
The golden eye turns its gaze towards you.
The golden eye blinks at you. You resist with almost no effort.
You are splashed with acid!
The wall burns you! The golden eye blinks at you. You resist with some effort.
The golden eye turns its gaze towards you.
The golden eye blinks at you.
You are more confused.
There is a staircase to the Slime Pits here.
You are splashed with acid!
The walls burn you!
* * * LOW HITPOINT WARNING * * *
The golden eye blinks at you. You resist with some effort.
You miss the golden eye.
You are splashed with acid!
The walls burn you!
* * * LOW HITPOINT WARNING * * *
You bump into the stone wall.
You are splashed with acid!
The walls burn you!
You die...

.##............#.................
##...............................
............)...##...............
................##...............
............<....................
#..............#####..........#..
#.............## ##.....#..#...
..............#######...#.....#..
....#.........##@G_.'.....#...##.
....###......[##.>.##...P..<.#...
...####÷......##...##......#.###.
...#.#.##..†..#######....####..#.
....######..P..#####..#..## #P...
.....# ####........#....####...
.....# ###.....#.....#.#....
.....# ##.P..........##....
....## ##.#...........#.#...


You could see a golden eye.

Vanquished Creatures
  A dire elephant (Lair:6)
  10 hydras
  A catoblepas (Lair:6)
  A deep troll shaman (Lair:6)
  6 death yaks (Lair:6)
  A queen ant (Lair:2)
  19 elephants
  The ghost of Revguard the Conjurer, a novice DrCj (D:4)
  5 black mambas
  The ghost of mitkoXXVII the Shield-Bearer, a novice FoFi of Okawaru (D:6)
  16 spiny frogs
  4 komodo dragons
  A rime drake (Lair:3)
  The ghost of strelocc the Magician, a novice DEFE of Vehumet (D:5)
  4 jumping spiders (Lair:4)
  5 hippogriffs
  5 blink frogs (Lair:3)
  8 slime creatures (Lair:5)
  A spriggan (D:7)
  Eustachio (D:4)
  17 yaks
  5 redbacks (Lair:4)
  2 basilisks
  4 soldier ants (Lair:2)
  10 water moccasins
  The ghost of strelocc the Magician, an amateur DEFE (D:3)
  Duvessa (D:4)
  10 porcupines
  2 sky beasts
  3 orc warriors
  3 black bears
  3 ogres
  9 wolves
  3 centaurs
  9 crocodiles
  10 bullfrogs
  4 scorpions
  Dowan (D:4)
  6 killer bees (D:7)
  5 howler monkeys
  An electric eel (Lair:2)
  4 crimson imps
  Crazy Yiuf (D:4)
  A bullfrog zombie (D:5)
  2 hounds
  4 orc priests
  11 orc wizards
  2 bullfrog skeletons
  2 iguanas
  39 worker ants
  A hound zombie (D:6)
  3 hound skeletons
  A mummy (D:8)
  Robin (D:1)
  4 gnolls (D:5)
  10 adders
  2 shadow imps
  An ooze (D:2)
  An adder skeleton (D:4)
  5 worms
  3 dart slugs
  3 leopard geckos (D:3)
  43 orcs
  A ball python (D:4)
  12 bats
  6 giant cockroaches
  10 goblins
  9 hobgoblins
  10 jackals
  4 quokkas
  3 frilled lizards
  2 kobolds
  A kobold zombie (D:8)
  A leopard gecko skeleton (D:6)
  An orc zombie (D:8)
  2 quokka skeletons
  A quokka zombie (D:5)
  3 rats
  6 fungi
  9 plants
  A withered plant (D:6)
427 creatures vanquished.

Vanquished Creatures (collateral kills)
  A dire elephant (Lair:2)
1 creature vanquished.

Vanquished Creatures (others)
  19 fungi
  15 plants
34 creatures vanquished.

Grand Total: 462 creatures vanquished

Notes
Turn   | Place    | Note
-------+----------+-------------------------------------------
     0 | D:1      | Htamos the Minotaur Fighter began the quest for the Orb.
     0 | D:1      | Reached XP level 1. HP: 19/19 MP: 0/0
   326 | D:1      | Reached XP level 2. HP: 27/27 MP: 1/1
   832 | D:2      | Noticed Robin
  1068 | D:2      | Reached XP level 3. HP: 32/34 MP: 2/2
  1073 | D:1      | Killed Robin
  1189 | D:2      | Reached skill level 5 in Fighting
  1307 | D:2      | Reached XP level 4. HP: 30/42 MP: 3/3
  1581 | D:3      | Noticed strelocc's ghost (amateur DEFE)
  1589 | D:3      | Killed strelocc's ghost
  1589 | D:3      | Reached skill level 5 in Maces & Flails
  1589 | D:3      | Reached XP level 5. HP: 35/49 MP: 4/4
  1713 | D:3      | Reached XP level 6. HP: 26/57 MP: 5/5
  2536 | D:4      | Noticed Eustachio
  2560 | D:4      | Killed Eustachio
  2602 | D:4      | Noticed Revguard's ghost (novice DrCj)
  2612 | D:4      | Killed Revguard's ghost
  2612 | D:4      | Reached XP level 7. HP: 48/64 MP: 6/6
  3103 | D:4      | Got a steaming mace
  3132 | D:4      | Reached XP level 8. HP: 49/73 MP: 7/7
  3139 | D:4      | Identified the +6 mace "Oguro" {venom, rN+} (You found it on level 4 of the Dungeon)
  3162 | D:4      | Noticed Dowan
  3168 | D:4      | Noticed Duvessa
  3168 | D:4      | Killed Dowan
  3181 | D:4      | Killed Duvessa
  3181 | D:4      | Reached skill level 10 in Maces & Flails
  3585 | D:4      | Found Xoinuvo's Weapon Shop.
  3869 | D:4      | Found a runed door.
  3973 | D:4      | Noticed Crazy Yiuf
  3976 | D:4      | Killed Crazy Yiuf
  4028 | D:5      | Entered Level 5 of the Dungeon
  4359 | D:5      | Found an opulent altar of Gozag.
  4389 | D:5      | Found an iron altar of Okawaru.
  4534 | D:5      | Found a bloodstained altar of Trog.
  4535 | D:5      | Found an iron altar of Okawaru.
  4543 | D:5      | Became a worshipper of Trog the Wrathful
  4665 | D:5      | Noticed strelocc's ghost (novice DEFE)
  4674 | D:5      | Killed strelocc's ghost
  4914 | D:5      | Reached XP level 9. HP: 77/82 MP: 8/8
  4929 | D:5      | Found a glowing silver altar of Zin.
  5247 | D:6      | Found a staircase to the Ecumenical Temple.
  5277 | D:6      | Noticed mitkoXXVII's ghost (novice FoFi)
  5278 | D:6      | Reached * piety under Trog
  5543 | D:6      | Killed mitkoXXVII's ghost
  5543 | D:6      | Reached skill level 4 in Armour
  5543 | D:6      | Reached skill level 1 in Dodging
  5569 | D:6      | Reached skill level 5 in Armour
  5609 | D:6      | Found Sosmul's Food Shop.
  5657 | D:6      | Found a hide-covered altar of Uskayaw.
  5953 | D:6      | Found an ancient bone altar of Kikubaaqudgha.
  5956 | D:6      | Found a blossoming altar of Fedhas.
  6000 | D:6      | Reached ** piety under Trog
  6051 | D:6      | Reached skill level 6 in Armour
  6082 | D:6      | Found a sacrificial altar of Ru.
  6182 | D:6      | Found a deep blue altar of Sif Muna.
  6698 | D:7      | Found a shimmering altar of Xom.
  6823 | D:7      | Reached skill level 7 in Armour
  7192 | D:7      | Reached XP level 10. HP: 92/92 MP: 9/9
  7389 | D:7      | Reached skill level 5 in Shields
  7723 | D:8      | Found a sand-covered staircase.
  7815 | D:8      | Reached skill level 10 in Fighting
  7929 | D:8      | Reached skill level 8 in Armour
  8226 | D:8      | Found a staircase to the Lair.
  8490 | Lair:1   | Entered Level 1 of the Lair of Beasts
  8560 | Lair:1   | Noticed a spiny frog
  8566 | Lair:1   | Noticed a spiny frog
  8573 | Lair:1   | Killed a spiny frog
  8774 | Lair:1   | Killed a spiny frog
  8774 | Lair:1   | Reached skill level 9 in Armour
  8949 | Lair:1   | Reached *** piety under Trog
  8987 | Lair:1   | Noticed a six-headed hydra
  8998 | Lair:1   | Killed a six-headed hydra
  9286 | Lair:1   | Noticed a seven-headed hydra
  9731 | Lair:1   | Killed a seven-headed hydra
  9731 | Lair:1   | Reached skill level 10 in Armour
 10035 | Lair:1   | Noticed a spiny frog
 10041 | Lair:1   | Killed a spiny frog
 10041 | Lair:1   | Reached XP level 11. HP: 91/101 MP: 10/10
 10877 | Lair:2   | Reached skill level 11 in Armour
 11419 | Lair:2   | Noticed a six-headed hydra
 11427 | Lair:2   | Killed a six-headed hydra
 11972 | Lair:2   | Reached skill level 5 in Dodging
 12308 | Lair:2   | Reached **** piety under Trog
 12719 | Lair:2   | Noticed a queen ant
 12723 | Lair:2   | Killed a queen ant
 12909 | Lair:3   | Noticed a five-headed hydra
 12922 | Lair:2   | Reached skill level 12 in Armour
 13487 | Lair:3   | Killed a five-headed hydra
 13784 | Lair:3   | Noticed a seven-headed hydra
 13790 | Lair:3   | Killed a seven-headed hydra
 13887 | Lair:3   | Reached XP level 12. HP: 110/110 MP: 11/11
 14966 | Lair:4   | Found a staircase to the Swamp.
 14985 | Lair:4   | Noticed strelocc's ghost (journeyman HOBe)
 15242 | Lair:4   | Reached skill level 13 in Armour
 15298 | Lair:4   | Found a hole to the Spider Nest.
 15330 | Spider:1 | Entered Level 1 of the Spider Nest
 15424 | Lair:4   | Reached skill level 1 in Evocations
 15799 | Lair:4   | Noticed a dire elephant
 15847 | Lair:2   | HP: 4/110 [dire elephant (9)]
 15851 | Lair:2   | Killed a dire elephant
 16377 | Lair:4   | Noticed a seven-headed hydra
 16393 | Lair:3   | Killed a seven-headed hydra
 16722 | Lair:4   | Found a white marble altar of Elyvilon.
 17442 | Lair:5   | Found a viscous altar of Jiyva.
 17443 | Lair:5   | Found a staircase to the Slime Pits.
 17476 | Lair:5   | Reached skill level 14 in Armour
 17735 | Lair:5   | Noticed a four-headed hydra
 17752 | Lair:5   | Killed a four-headed hydra
 17752 | Lair:5   | Reached XP level 13. HP: 65/117 MP: 12/12
 18358 | Lair:6   | Entered Level 6 of the Lair of Beasts
 18785 | Lair:6   | Reached skill level 15 in Maces & Flails
 19591 | Lair:6   | Reached ***** piety under Trog
 19770 | Lair:6   | Reached skill level 15 in Armour
 20493 | Lair:6   | Reached skill level 16 in Armour
 20715 | Lair:6   | Noticed a dire elephant
 20723 | Lair:6   | Killed a dire elephant
 20877 | Slime:1  | Entered Level 1 of the Pits of Slime
 21277 | Lair:5   | Splashed with acid

Skill      XL: |  1  2  3  4  5  6  7  8  9 10 11 12 13 |
---------------+----------------------------------------+-----
Fighting       | 4 5 6 7 8 9 10 11 12 | 12.0
Maces & Flails | 3 4 5 6 8 9 11 12 13 14 15 | 15.0
Armour         | 7 10 12 14 16 | 16.9
Dodging        | 2 4 6 7 9 |  9.4
Shields        | 4 6 7 9 |  9.1
Evocations     | 1 |  1.0

Action                   |  1- 3 |  4- 6 |  7- 9 | 10-12 | 13-15 || total
-------------------------+-------+-------+-------+-------+-------++-------
Melee: Flail             |    94 |   155 |    51 |       |       ||   300
       Headbutt          |    13 |    24 |    67 |   176 |   106 ||   386
       Mace              |       |       |   294 |   131 |       ||   425
       Morningstar       |       |       |       |   499 |   355 ||   854
Invok: Burn Spellbooks   |       |       |     1 |     5 |     2 ||     8
       Trog's Hand       |       |       |       |     2 |     1 ||     3
       Brothers in Arms  |       |       |       |     1 |     1 ||     2
       Berserk           |       |       |       |       |     6 ||     6
Evoke: Wand              |       |       |     1 |    23 |     4 ||    28
  Use: Scroll            |       |       |    10 |     9 |       ||    19
       Potion            |       |       |       |       |     7 ||     7
 Stab: Paralysed         |       |       |       |     2 |       ||     2
  Eat: Chunk             |     1 |     5 |    14 |    21 |     9 ||    50
       Ration            |       |       |       |     4 |     3 ||     7
Armor: Scale mail        |    60 |    65 |     6 |       |       ||   131
       Chain mail        |       |       |    60 |       |       ||    60
       Plate armour      |       |       |    76 |   383 |   171 ||   630
Dodge: Dodged            |    37 |    51 |    77 |   264 |   141 ||   570
Block: Shield            |    62 |    65 |    66 |       |       ||   193
